[Event "*** SCC Grand Prix: Titled Tuesday Blitz"]
[Site "Chess.com"]
[Date "2020.09.08"]
[Round "5"]
[White "nitpicker"]
[Black "Euge_chess"]
[Result "0-1"]
[WhiteElo "2226"]
[BlackElo "2115"]
[TimeControl "180+1"]
[EndTime "10:56:53 PDT"]
[Termination "Euge_chess won on time"]

1. d4 Nf6 2. c4 c5 3. d5 e6 4.
Nc3 exd5 5. cxd5 d6 6. e4 g6 7. h3 Bg7 8. Nf3 O-O 9. Bd3 b5 10. Nxb5 Nxe4 11. O-O f5 12. Re1 a6 13. Na3 Nf6 14. Ng5 Re8 15. Rxe8+ Qxe8 16. Bf4 h6 17. Ne6 Bxe6 18. dxe6 Qxe6 19. Bxd6 Kh7 20. Bc4 Qd7 21.
Bxc5 Qc7 22. Qd6 Qxd6 23. Bxd6 Nbd7 24. Re1 Ne4 25. Rxe4 fxe4 26. b3 Nf6 27. Nc2 Rd8 28.
Bb4 Rd1+ 29. Kh2 Rc1 30. Ne3 Nh5 31. Bxa6 Be5+ 32. g3 Nf6 33. a4 Bd4 34. Bd2 Rb1 35.
Bc4 h5 36. a5 Rb2 37. Nf1 Bxf2 38. Kg2 Be3 39. a6 Rxd2+ 40. Nxd2 Ba7 0-1

[Event "*** SCC Grand Prix: Titled Tuesday Blitz"]
[Site "Chess.com"]
[Date "2020.09.08"]
[Round "5"]
[White "rududuyk"]
[Black "denispopov"]
[Result "0-1"]
[WhiteElo "2134"]
[BlackElo "1943"]
[TimeControl "180+1"]
[EndTime "10:56:53 PDT"]
[Termination "denispopov won on time"]

1. e4 c5 2. Nc3 Nc6 3. f4 g6 4. Nf3 Bg7 5. Bc4 e6 6. d3 Nge7 7. O-O d5 8. Bb3 O-O 9. Qe1 a5 10. f5 a4 11. Nxa4 c4 12. dxc4 dxc4 13. Bxc4 Rxa4 14.
Bb3 Ra8 15. Qh4 exf5 16. Bh6 Nd4 17. Ng5 Ne2+ 18. Kh1 Qd4 19. Nxf7 Qf6 20. Bg5 Qb6 21. Bxe7 Rxf7 22. Bf6 Bxf6 23. Qe1 Nd4 24. e5 Nxb3 25.
axb3 Bg7 26. Rxa8 Rf8 27. e6 Bxe6 28. Rxf8+ Bxf8 29. Qf2 Qxf2 30. Rxf2 Bf7 31. Re2 Bc5 32. Rd2 Bb6 33. b4 Bc7 34. b3 Bb6 35. c4 Ba7 36. Rd7 Bb8 37. Rxb7 Bf4 38. b5 Be3 39. b6 Kf8 40. Rb8+ Ke7 41. b7 Bf4 0-1

[Event "*** SCC Grand Prix: Titled Tuesday Blitz"]
[Site "Chess.com"]
[Date "2020.09.08"]
[Round "5"]
[White "Firouzja2003"]
[Black "kosya4ok"]
[Result "1-0"]
[WhiteElo "2982"]
[BlackElo "2674"]
[TimeControl "180+1"]
[EndTime "10:56:55 PDT"]
[Termination "Firouzja2003 won on time"]

1. Nf3 Nf6 2. g3 b6 3. Bg2 Bb7 4. O-O c5 5. d3 d5 6. e4 dxe4 7.
dxe4 Qxd1 8. Rxd1 Nc6 9. e5 Ne4 10. Ne1 Nd4 11. Nd2 Ne2+ 12. Kf1 Nxd2+ 13. Kxe2 Bxg2 14.
Nxg2 Nc4 15. f4 e6 16. b3 Na5 17. Ne3 c4 18. Bd2 Nc6 19. Nxc4 Nd4+ 20. Kd3 O-O-O 21. Kc3 b5 22. Nd6+ Bxd6 23. exd6 Rxd6 24. Be3 b4+ 25. Kc4 Nf5 26. Rxd6 Nxd6+ 27. Kxb4 Kb7 28. Rd1 Kc6 29.
c4 a6 30. Bd4 f6 31. Re1 Re8 32.
Kc3 Nf5 33. b4 Nd6 34. a4 Nf5 35. b5+ Kb7 36. c5 h5 37. c6+ Kc7 38. Bc5 e5 39.
Rd1 Kc8 40. b6 Re6 41. c7 Kb7 42. Rd8 1-0

[Event "*** SCC Grand Prix: Titled Tuesday Blitz"]
[Site "Chess.com"]
[Date "2020.09.08"]
[Round "5"]
[White "poummba"]
[Black "pavlitas17"]
[Result "1/2-1/2"]
[WhiteElo "2528"]
[BlackElo "2371"]
[TimeControl "180+1"]
[EndTime "10:56:55 PDT"]
[Termination "Game drawn by agreement"]

1. e4 c5 2. Nf3 d6 3. d4 cxd4 4. Nxd4 Nf6 5. Nc3 g6 6. Be2 Bg7 7. Be3 O-O 8. O-O Nc6 9. Qd2 Bd7 10. Rad1 Ng4 11. Bxg4 Bxg4 12. f3 Bd7 13. Nd5 Rc8 14.
b3 Nxd4 15. Bxd4 Bxd4+ 16. Qxd4 Rxc2 17. Qxa7 Bc6 18. Ne3 Rc5 19. Qxc5 dxc5 20. Rxd8 Rxd8 21. Rd1 Rxd1+ 22. Nxd1 f5 23. exf5 gxf5 24. Ne3 e6 25. Kf2 Kf7 26. g4 Kf6 27. f4 fxg4 28. Nxg4+ Kf5 29.
Kg3 Be4 30. Ne3+ Kf6 31. a4 Bd5 32. Nxd5+ exd5 33. Kf3 Kf5 34. Ke3 d4+ 35. Kf3 b6 36.
h3 h5 37. h4 d3 38. Ke3 d2 39. Kxd2 Kxf4 40. Kc3 Kg4 41. Kc4 Kxh4 42. Kb5 Kg5 43. Kxb6 h4 44. a5 h3 45. a6 h2 46. Kxc5 h1=Q 47.
b4 Qc1+ 48. Kb6 Qe3+ 49. Kb7 Qe4+ 50. Kc7 Qxb4 51. a7 Qc5+ 52. Kb7 Qb5+ 53. Kc7 Qa6 54.
Kb8 Qb6+ 55. Ka8 Qa5 56. Kb7 Qb5+ 57. Ka8 Qd5+ 58. Kb8 Qd6+ 59. Kb7 Qd7+ 60. Kb8 Qd8+ 61. Kb7 Qe7+ 62. Kb8 Qb4+ 63. Ka8 1/2-1/2

[Event "*** SCC Grand Prix: Titled Tuesday Blitz"]
[Site "Chess.com"]
[Date "2020.09.08"]
[Round "5"]
[White "Mbneu"]
[Black "Nafania1"]
[Result "1-0"]
[WhiteElo "2273"]
[BlackElo "2396"]
[TimeControl "180+1"]
[EndTime "10:56:55 PDT"]
[Termination "Mbneu won by resignation"]

1. d4 e6 2. c4 Nf6 3. Nc3 Bb4 4.
Bg5 c5 5. d5 d6 6. e3 O-O 7.
Bd3 Bxc3+ 8. bxc3 h6 9. Bh4 Re8 10. Nf3 e5 11. Bc2 e4 12. Nd2 Bf5 13. O-O Bg6 14. Qb1 Qe7 15. f4 exf3 16. Bxg6 fxg6 17. Rxf3 g5 18. Bg3 Nbd7 19. Qxb7 Ne5 20. Qxe7 Nxf3+ 21. gxf3 Rxe7 22. e4 Rd8 23. Rb1 Nh5 24. Nf1 Nf4 25. Kf2 Rdd7 26. Ke3 Rb7 27. Rb3 Rxb3 28.
axb3 Rf7 29. Nd2 a5 30. e5 dxe5 31. Ne4 Rb7 32. Nxc5 Rb6 33. Ke4 Kf7 34. Kxe5 Ne2 35. d6 Nxc3 36. d7 Rb8 37. Kd4 Rd8 38. Kxc3 Kf6 39. Kd4 Ke7 40. Bc7 Rxd7+ 41. Nxd7 Kxd7 42.
Bxa5 Kc6 43. Be1 Kd6 44. b4 h5 45. b5 g4 46. Bb4+ Kc7 47. fxg4 hxg4 48. c5 1-0

[Event "*** SCC Grand Prix: Titled Tuesday Blitz"]
[Site "Chess.com"]
[Date "2020.09.08"]
[Round "5"]
[White "LyonBeast"]
[Black "Gabix_94"]
[Result "1-0"]
[WhiteElo "3023"]
[BlackElo "2834"]
[TimeControl "180+1"]
[EndTime "10:56:57 PDT"]
[Termination "LyonBeast won on time"]

1. c4 Nf6 2. Nf3 c5 3. g3 Nc6 4. Bg2 d5 5. cxd5 Nxd5 6. d4 cxd4 7. Nxd4 Ndb4 8. Nxc6 Qxd1+ 9. Kxd1 Nxc6 10. Nc3 Bd7 11. Bd2 e6 12. e3 O-O-O 13. Ke2 Be7 14. Rac1 Kb8 15. Rhd1 Ne5 16. Be1 Bc6 17. Bxc6 Nxc6 18. Ne4 f5 19. Nd2 e5 20. a3 e4 21. Nc4 Bf6 22.
b4 Rxd1 23. Rxd1 Rd8 24. Rc1 g6 25. h3 h5 26. b5 Ne5 27. Nxe5 Bxe5 28. g4 hxg4 29.
hxg4 Bd6 30. gxf5 gxf5 31. a4 b6 32. Rc6 Kb7 33. a5 bxa5 34. Bxa5 Rd7 35. Bc3 Bc7 36. Rc5 Rf7 37. Rd5 a6 38. bxa6+ Kxa6 39. Bd4 Kb7 40. Kd2 f4 41. Kc3 fxe3 42. fxe3 Kc6 43. Kc4 Bd6 44. Ra5 Rf1 45. Ra6+ Kd7 46. Kd5 Rf5+ 47. Kxe4 Rh5 48. Kd3 Rh1 49. Kc4 Rh5 50. e4 Rh4 51. Kd5 Rh5+ 52.
e5 Bxe5 53. Bxe5 Kc8 54. Ra7 Rh6 55. Bd6 Rh1 56. Kc6 Rc1+ 57. Bc5 Kb8 58. Rg7 1-0

[Event "*** SCC Grand Prix: Titled Tuesday Blitz"]
[Site "Chess.com"]
[Date "2020.09.08"]
[Round "5"]
[White "chessbia"]
[Black "tmr88"]
[Result "1-0"]
[WhiteElo "2170"]
[BlackElo "2004"]
[TimeControl "180+1"]
[EndTime "10:56:57 PDT"]
[Termination "chessbia won on time"]

1. d4 Nf6 2. c3 g6 3. Nf3 Bg7 4. g3 O-O 5. Bg2 d5 6. O-O c5 7. dxc5 Ne4 8. Ng5 Nxc5 9. Qxd5 Nbd7 10. Rd1 h6 11. Nf3 Qc7 12. Bf4 e5 13. Be3 Ne6 14. Na3 Nb6 15. Qb3 Nc5 16. Bxc5 Qxc5 17. Qc2 Be6 18. Nd2 Rab8 19. Ne4 Qc8 20. Nd6 Qd7 21. Ndb5 Qe7 22. Nxa7 Kh7 23. N7b5 Bf5 24. e4 Be6 25. Rd2 Rfd8 26. Rad1 Rdc8 27. b3 Nd7 28. c4 Nc5 29.
Nd6 Rc6 30. Nab5 Ra8 31. a4 Rf8 32. Bf1 Na6 33. Qc3 Rb8 34. Kg2 Bf8 35. f4 Bg7 36. f5 gxf5 37. exf5 e4 38. Qe3 Bd7 39.
Re1 Bf6 40. Qxe4 Qxe4+ 41. Rxe4 Nc5 42. Rf4 Bg5 43. Rff2 Bxd2 44. Rxd2 Nxb3 45. Rd1 Be8 46. Ne4 1-0

[Event "*** SCC Grand Prix: Titled Tuesday Blitz"]
[Site "Chess.com"]
[Date "2020.09.08"]
[Round "5"]
[White "DIM90"]
[Black "PotapovaM"]
[Result "0-1"]
[WhiteElo "2344"]
[BlackElo "2512"]
[TimeControl "180+1"]
[EndTime "10:56:58 PDT"]
[Termination "PotapovaM won by resignation"]

1. e4 c5 2. d4 cxd4 3. c3 dxc3 4. Nxc3 d6 5. Nf3 Nc6 6. Bc4 a6 7. O-O Nf6 8. Qe2 Bg4 9. Rd1 e6 10. h3 Bxf3 11. Qxf3 Rc8 12. Qe2 Be7 13. Bf4 Qc7 14. Rac1 O-O 15. Bb3 Qb8 16. Bg3 h6 17. Na4 b5 18.
Nc5 Rfd8 19. Nxe6 fxe6 20. Bxe6+ Kh8 21. Bxc8 Rxc8 22. a4 Ne5 23. Rxc8+ Qxc8 24. axb5 axb5 25. Qxb5 Qe6 26. Bxe5 dxe5 27. Qd3 Bc5 28. Kf1 Bd4 29. b3 Nh5 30. Qf3 Qa6+ 31. Kg1 Nf6 32. Qd3 Qxd3 33.
Rxd3 Nxe4 34. Rf3 Kh7 35. b4 Nd6 36. Kf1 Kg6 37. Rb3 Nb5 38. f3 Kf5 39. g3 g5 40. Ke2 Ke6 41. Kd3 Kd5 42. Rb1 Bf2 43. g4 Bd4 44. Rh1 Bc3 45. h4 Bxb4 46. Rb1 Kc5 47.
hxg5 hxg5 48. Rxb4 Kxb4 49. Ke4 Nd4 50. Kxe5 Nxf3+ 51.
Ke4 Nh4 52. Kd4 Kb3 53. Kd3 Kb2 54. Kd2 Kb3 55. Kd3 Kb4 56. Kd4 Kb5 57. Kd5 Kb6 58. Kd6 Nf3 59. Ke6 Kc5 60. Kf5 Kd4 61. Kf6 Ke4 62. Kg6 Kf4 63. Kh5 Kg3 0-1

[Event "*** SCC Grand Prix: Titled Tuesday Blitz"]
[Site "Chess.com"]
[Date "2020.09.08"]
[Round "5"]
[White "Snegokhod"]
[Black "seorobert1971"]
[Result "0-1"]
[WhiteElo "2381"]
[BlackElo "2683"]
[TimeControl "180+1"]
[EndTime "10:56:59 PDT"]
[Termination "seorobert1971 won by resignation"]

1. e4 c6 2. d3 d5 3. Nd2 e5 4. Ngf3 Bd6 5. d4 exd4 6. Bd3 dxe4 7. Nxe4 Be7 8. O-O Nf6 9. Nxf6+ Bxf6 10. Re1+ Be6 11.
Bf5 O-O 12. Bxe6 fxe6 13. Rxe6 c5 14. Bf4 Qd5 15. Qe2 Nc6 16. a3 Rad8 17. Re1 c4 18. Qe4 d3 19. cxd3 Qxe4 20. R6xe4 Rxd3 21. Rxc4 Bxb2 22. a4 Na5 23. Rce4 Nc6 24. Kf1 Bf6 25. Rb1 Rd7 26. Ne5 Bxe5 27. Bxe5 Rd2 28. Bg3 Rd7 29. h4 h6 30. Kg1 Kf7 31. Kh2 Re8 32. Rf4+ Kg8 33. Kh3 b6 34. Rg4 Re6 35. Bf4 Rd4 36. Ra1 Ree4 37.
g3 Rxa4 38. Rd1 Rad4 39. Rc1 Rc4 40. Rd1 Ne5 41. Bxe5 Rxg4 42. Rd7 Rg6 43. h5 Rg5 44. f4 Rxh5+ 45. Kg4 Rxe5 0-1

[Event "*** SCC Grand Prix: Titled Tuesday Blitz"]
[Site "Chess.com"]
[Date "2020.09.08"]
[Round "5"]
[White "13MiRacLe"]
[Black "Andreikka"]
[Result "0-1"]
[WhiteElo "2596"]
[BlackElo "2818"]
[TimeControl "180+1"]
[EndTime "10:57:00 PDT"]
[Termination "Andreikka won by resignation"]

1. e4 d5 2. exd5 Qxd5 3. Nc3 Qa5 4. d4 Nf6 5. Nf3 c6 6. Bc4 Bf5 7. Ne5 e6 8. g4 Bg6 9. h4 Nbd7 10. Nxd7 Nxd7 11. h5 Be4 12. O-O Bd5 13. Nxd5 cxd5 14. Bd3 g6 15. h6 Bd6 16. Qf3 Qd8 17. Kg2 O-O 18. Bf4 Bxf4 19. Qxf4 Qf6 20. Qxf6 Nxf6 21. Kg3 Rac8 22. c3 Rfe8 23. Rae1 Kf8 24. f4 Ng8 25. f5 exf5 26. gxf5 Rxe1 27. Rxe1 Nxh6 28. Rh1 Nxf5+ 29.
Bxf5 gxf5 30. Rxh7 Ke7 31. Kf4 Ke6 32. Rh6+ f6 33.
Rh7 Rb8 34. a4 a5 35. Rc7 Kd6 36. Rf7 Ke6 37. Rc7 b5 38. Rc6+ Kd7 39. axb5 Rxb5 40.
Rxf6 Rxb2 41. Ra6 Rb5 42. Kxf5 Kc7 43. Ke5 Kb7 44. Rh6 a4 45. Rh1 a3 46. Ra1 Ra5 47.
Kf4 Kc6 48. Ke3 Kb5 49. Rb1+ Kc4 50. Kd2 Rb5 51. Ra1 Rb2+ 52. Kc1 Rb3 53. Kd2 Rxc3 54.
Rh1 a2 55. Ra1 Ra3 56. Kc2 Ra8 57. Kb2 Kxd4 58. Rd1+ Ke3 59. Ka1 d4 60. Re1+ Kd2 61. Re7 d3 62. Rd7 Rc8 63. Kxa2 Kc2 64. Ka3 d2 0-1

[Event "*** SCC Grand Prix: Titled Tuesday Blitz"]
[Site "Chess.com"]
[Date "2020.09.08"]
[Round "5"]
[White "sodastream007"]
[Black "AlexTriapishko"]
[Result "0-1"]
[WhiteElo "2545"]
[BlackElo "2742"]
[TimeControl "180+1"]
[EndTime "10:57:00 PDT"]
[Termination "AlexTriapishko won by resignation"]

1. d4 Nf6 2. c4 g6 3. Nc3 Bg7 4.
e4 O-O 5. Be2 c6 6. e5 Ne8 7. Nf3 d6 8. Bf4 Bg4 9. O-O Nd7 10. Re1 Bxf3 11. Bxf3 dxe5 12. dxe5 Nc7 13. Bg4 Nc5 14. Bg5 Nd3 15. Nd5 cxd5 16. Qxd3 h6 17. Bf4 dxc4 18. Qxc4 e6 19. Bf3 Nd5 20. Rad1 Rc8 21. Qb3 Qa5 22. Bxd5 exd5 23. Qxd5 Qxd5 24. Rxd5 Rc2 25. Rd2 Rfc8 26. h4 Bf8 27. Ree2 Rc1+ 28.
Kh2 R1c4 29. Bg3 Be7 30. Kh3 g5 31. hxg5 hxg5 32. Kh2 Kg7 33. Re1 Bb4 34. Rdd1 Bxe1 35. Rxe1 Rc1 36. Rxc1 Rxc1 37. f4 gxf4 38. Bxf4 Rc2 39.
Bg5 Rxb2 40. Bf6+ Kg6 41. a4 Ra2 42. Be7 Rxa4 43. Bc5 Re4 44. Bxa7 Kf5 45. Bb8 Ke6 46. Kg3 b5 47. Kf3 Rc4 48. Ke3 b4 49. Kd3 Rc8 50.
Bd6 b3 51. Ba3 Kd5 52. Bb2 Rc2 53. Bc3 Rxg2 54. e6 fxe6 0-1

[Event "*** SCC Grand Prix: Titled Tuesday Blitz"]
[Site "Chess.com"]
[Date "2020.09.08"]
[Round "5"]
[White "jucAxx"]
[Black "elohunter1999"]
[Result "0-1"]
[WhiteElo "2072"]
[BlackElo "2453"]
[TimeControl "180+1"]
[EndTime "10:57:01 PDT"]
[Termination "elohunter1999 won by resignation"]

1. e4 e5 2. Nc3 Nf6 3. f4 d5 4. fxe5 Nxe4 5. d3 Nxc3 6. bxc3 d4 7. Nf3 Nc6 8. cxd4 Bb4+ 9. Bd2 Bxd2+ 10. Qxd2 Nxd4 11.
Be2 Nxf3+ 12. Bxf3 Qd4 13. c3 Qxe5+ 14. Kf2 O-O 15.
Rhe1 Qf6 16. Re3 c6 17. Rae1 Be6 18. d4 Rad8 19. Kg1 h6 20. Re5 Bd5 21. Bxd5 Rxd5 22.
Re7 Rb8 23. Qe3 h5 24. Qg3 Rd6 25. Rxf7 Kxf7 26. Rf1 Qxf1+ 27. Kxf1 Rf6+ 28. Ke2 Re8+ 29. Kd3 Re7 30. Qg5 g6 31. g4 hxg4 32. Qxg4 b5 33. a4 a6 34. axb5 axb5 35. h4 Rf5 36. Qg2 c5 37.
dxc5 Rxc5 38. Kd2 Rf5 39. Kc2 Rc7 40. Kb3 Rfc5 41. Qf2+ Kg8 42. Qf3 Rxc3+ 43. Qxc3 Rxc3+ 44. Kxc3 Kh7 45. Kb3 Kh6 46. Kb4 Kh5 47. Kxb5 Kxh4 48. Kc4 g5 49. Kd3 g4 50. Ke2 Kh3 51. Kf2 Kh2 0-1

[Event "*** SCC Grand Prix: Titled Tuesday Blitz"]
[Site "Chess.com"]
[Date "2020.09.08"]
[Round "5"]
[White "Sofiia_Hryzlova"]
[Black "el-roedor"]
[Result "0-1"]
[WhiteElo "2278"]
[BlackElo "2549"]
[TimeControl "180+1"]
[EndTime "10:57:01 PDT"]
[Termination "el-roedor won by resignation"]

1. c4 Nf6 2. Nc3 c5 3. Nf3 g6 4. e3 Bg7 5. d4 O-O 6. Be2 cxd4 7. exd4 d5 8. O-O Nc6 9. h3 dxc4 10. Bxc4 Na5 11. Be2 Be6 12. Bf4 Rc8 13. Rc1 Bc4 14. b4 Bxe2 15. Nxe2 Nc6 16. b5 Nb4 17. Rxc8 Qxc8 18.
Qa4 Nbd5 19. Rc1 Qa8 20. Be5 a6 21. Qb3 Rc8 22. Nc3 Nxc3 23. Rxc3 Rxc3 24. Qxc3 axb5 25.
Qb4 Qe8 26. Bc7 Nd5 27. Qc5 Qc6 28. Bd8 Qxc5 29. dxc5 Kf8 30. Ne1 Ke8 31. Ba5 Bc3 32. Bxc3 Nxc3 33. a3 Kd7 34. Kf1 Kc6 35. Nd3 Nb1 36.
Ke2 Nxa3 37. Ne5+ Kxc5 38. Nxf7 b4 39. Kd3 Nc4 40. Ng5 Ne5+ 41. Kc2 h5 42. Ne6+ Kc4 43. Nf4 b3+ 44. Kb1 h4 45. Ne6 Kc3 46. f4 Nc4 47. Nc5 Nd2+ 48. Kc1 b2+ 49. Kd1 b1=Q+ 50. Ke2 Qb5+ 0-1

[Event "*** SCC Grand Prix: Titled Tuesday Blitz"]
[Site "Chess.com"]
[Date "2020.09.08"]
[Round "5"]
[White "queen_iryna"]
[Black "ChessPromotionAlex"]
[Result "0-1"]
[WhiteElo "2287"]
[BlackElo "2494"]
[TimeControl "180+1"]
[EndTime "10:57:02 PDT"]
[Termination "ChessPromotionAlex won on time"]

1. d4 Nf6 2. Nc3 d5 3. Bf4 g6 4. Qd2 Bg7 5. Bh6 Bxh6 6. Qxh6 c5 7. e3 Nc6 8. Nf3 cxd4 9. exd4 Bg4 10. Bb5 Bxf3 11.
gxf3 Qd6 12. O-O-O O-O-O 13. Qe3 e6 14. Bxc6 Qxc6 15. Qf4 Nh5 16. Qxf7 Rd7 17. Qxd7+ Kxd7 18. Rhe1 Rf8 19. Re3 Nf4 20. Rg1 Rf5 21. Rg4 b6 22. Nd1 a6 23. b3 Qd6 24. Nb2 Rh5 25. h4 Rf5 26. Na4 Ke7 27. Nc3 Kf7 28. Na4 Nh5 29. Nb2 Rf4 30. Nd3 Rxg4 31. fxg4 Nf6 32. Ne5+ Kg7 33.
f3 Nd7 34. Nxd7 Qxd7 35. Kd2 Qf7 36. Kd3 Qf6 37. c3 Qxh4 38. a4 Qf6 39. Ke2 h5 40. gxh5 gxh5 41. Kf2 Kh6 42. Re5 Qg6 43. f4 h4 44. Rg5 Qd3 45. Rg4 Qd2+ 46. Kg1 Qe1+ 47.
Kg2 Kh5 48. Rg5+ Kh6 49. Rg4 b5 0-1

[Event "*** SCC Grand Prix: Titled Tuesday Blitz"]
[Site "Chess.com"]
[Date "2020.09.08"]
[Round "5"]
[White "Yoshikrov"]
[Black "r31415"]
[Result "0-1"]
[WhiteElo "2112"]
[BlackElo "2463"]
[TimeControl "180+1"]
[EndTime "10:57:02 PDT"]
[Termination "r31415 won on time"]

1. e4 e5 2. Nf3 Nc6 3. c4 Bc5 4. Nc3 Nf6 5. Be2 O-O 6. O-O a5 7. Nxe5 Nxe5 8. d4 Bd6 9. dxe5 Bxe5 10. Be3 Bxc3 11. bxc3 Nxe4 12. Qd4 Re8 13. Bd3 Qe7 14. Rfe1 Nf6 15. Bg5 Qxe1+ 16. Rxe1 Rxe1+ 17. Bf1 Ne8 18. f3 d6 19. Kf2 Ra1 20. Bd3 Rxa2+ 21. Kg3 h6 22.
Qe4 Nf6 23. Bxf6 gxf6 24. Qh7+ Kf8 25. Qxh6+ Ke7 26. Qe3+ Be6 27. f4 Rg8+ 28. Kf3 Rgxg2 29. f5 Raf2+ 30. Qxf2 Rxf2+ 31. Kxf2 Bd7 32. Ke3 a4 33. Kf4 a3 34. Bb1 Kf8 35. h4 Kg7 36. Ba2 Ba4 37. Ke4 Bc2+ 38. Kd4 Bxf5 39. c5 dxc5+ 40. Kxc5 Be6 41.
Bxe6 fxe6 0-1

[Event "*** SCC Grand Prix: Titled Tuesday Blitz"]
[Site "Chess.com"]
[Date "2020.09.08"]
[Round "5"]
[White "LiemLe"]
[Black "olksuna"]
[Result "1-0"]
[WhiteElo "2974"]
[BlackElo "2662"]
[TimeControl "180+1"]
[EndTime "10:57:04 PDT"]
[Termination "LiemLe won by resignation"]

1. d4 Nf6 2. Nf3 d5 3. Bf4 e6 4. e3 c5 5. Nbd2 Nc6 6. Bb5 Bd6 7. dxc5 Bxc5 8. c4 O-O 9. O-O a6 10. Bxc6 bxc6 11. Rc1 Bd6 12. Ne5 Bb7 13. h3 Qe7 14.
Nb3 a5 15. c5 Bc7 16. Nd4 Ra6 17. Qa4 Bxe5 18. Bxe5 Ne8 19. Nb3 f6 20. Bc3 e5 21.
Nxa5 Bc8 22. b4 Bd7 23. Qb3 Nc7 24. a4 Rb8 25. Qa2 Kh8 26. Rfd1 Qe8 27. f4 exf4 28.
exf4 Bf5 29. Qf2 Be4 30. f5 Qh5 31. Qf4 Qf7 32. Rd2 h6 33. Re1 Re8 34. Kh2 Kh7 35. Nb7 Re7 36. Nd6 Qh5 37. Nxe4 dxe4 38. Rxe4 Nd5 39.
Rxd5 Rxe4 40. Qxe4 cxd5 41. Qg4 Qf7 42. b5 Ra8 43. c6 Re8 44. Qg6+ Qxg6 45. fxg6+ Kxg6 46.
b6 Re6 47. b7 Rxc6 48. Bd4 Rb6 49. Bxb6 1-0

[Event "*** SCC Grand Prix: Titled Tuesday Blitz"]
[Site "Chess.com"]
[Date "2020.09.08"]
[Round "5"]
[White "IANOV0007"]
[Black "Gusarov91"]
[Result "0-1"]
[WhiteElo "2419"]
[BlackElo "2630"]
[TimeControl "180+1"]
[EndTime "10:57:04 PDT"]
[Termination "Gusarov91 won on time"]

1. Nf3 d5 2. g3 c6 3. Bg2 Nf6 4. O-O Bg4 5. d3 Nbd7 6. Nbd2 e5 7. e4 dxe4 8. dxe4 Bc5 9. Qe1 Bxf3 10. Nxf3 O-O 11.
Nh4 Re8 12. Qe2 a5 13. a4 Qb6 14. Nf5 g6 15. Ne3 Kg7 16. Nc4 Qc7 17. b3 Bd4 18. Rb1 b5 19. Na3 bxa4 20. bxa4 Nc5 21. Qc4 Ncxe4 22. Nb5 Qb6 23. Nxd4 Qxd4 24. Qxc6 Rac8 25. Qa6 Rxc2 26. Be3 Qxa4 27. Rb7 Qa2 28. Ra7 a4 29. Qxa4 Qxa4 30. Rxa4 Nc3 31. Ra7 Ncd5 32.
Bg5 h6 33. Bxf6+ Nxf6 34. Rb1 e4 35. Rbb7 Rc1+ 36. Bf1 Rf8 37. Rc7 Rxc7 38. Rxc7 e3 39. fxe3 Nd5 40. Ra7 Nxe3 41. Bb5 Rb8 42. Bd7 Rb6 43. h4 Rf6 44. Bh3 h5 45. Re7 Nd5 46. Re5 Nb4 47. Re3 Nc6 48. Re4 Rd6 49. Rf4 Rd2 50.
Bg2 Ne5 51. Bf1 Rd1 52. Kh2 f5 53. Kg2 Ng4 54. Be2 Rd2 55. Kf1 Nf6 56. Ra4 Ne4 57.
Ra3 Rb2 0-1

[Event "*** SCC Grand Prix: Titled Tuesday Blitz"]
[Site "Chess.com"]
[Date "2020.09.08"]
[Round "5"]
[White "Ranindu2003"]
[Black "bsnsun"]
[Result "0-1"]
[WhiteElo "2548"]
[BlackElo "2411"]
[TimeControl "180+1"]
[EndTime "10:57:04 PDT"]
[Termination "bsnsun won by resignation"]

1. e4 c5 2. Nf3 d6 3. d4 cxd4 4.
Nxd4 Nf6 5. Nc3 a6 6. Be3 e5 7. Nb3 Be7 8. f3 Be6 9. Qd2 h5 10. Nd5 Nxd5 11. exd5 Bf5 12. Bd3 Bxd3 13. Qxd3 Bh4+ 14.
g3 Bg5 15. f4 exf4 16. gxf4 Bh4+ 17. Kd2 O-O 18. Bd4 Bf6 19. Rhg1 Nd7 20. Rae1 Re8 21. Rxe8+ Qxe8 22. Qf5 Bxd4 23. Nxd4 Qe7 24. Re1 Qf6 25.
Qxf6 Nxf6 26. c4 Rc8 27. Kd3 Rc7 28. Nf5 Rd7 29. h3 g6 30. Ne7+ Kf8 31. Nc8 b5 32. b3 h4 33. Kd4 bxc4 34. bxc4 Nh5 35. Rf1 Ng3 36. Rb1 Nf5+ 37. Kd3 Rc7 38. Rb8 Kg7 39.
Nb6 Re7 40. c5 dxc5 41. Kc4 Re3 42. Kxc5 Rxh3 43. d6 Rc3+ 44. Nc4 Nxd6 45. Kxd6 Rxc4 46. Ke5 Ra4 47. Rb2 h3 48. Rh2 Ra3 49. f5 g5 50. Rb2 g4 51. Kf4 g3 52. Kg5 g2 53.
f6+ Kh7 54. Rb1 h2 0-1

[Event "*** SCC Grand Prix: Titled Tuesday Blitz"]
[Site "Chess.com"]
[Date "2020.09.08"]
[Round "5"]
[White "Paladin61"]
[Black "rasmussvane"]
[Result "1-0"]
[WhiteElo "2647"]
[BlackElo "2867"]
[TimeControl "180+1"]
[EndTime "10:57:05 PDT"]
[Termination "Paladin61 won by checkmate"]

1. b3 d5 2. Bb2 Bg4 3. f3 Bf5 4. e3 e6 5. Nc3 a6 6. Nce2 c5 7. Nf4 Nc6 8. h4 e5 9. Nfe2 Bd6 10. Ng3 Be6 11. e4 Nge7 12. Nh3 h6 13. Nf2 Qd7 14.
h5 O-O-O 15. Bd3 f5 16. Qe2 dxe4 17. fxe4 f4 18. Nf1 Nb4 19. Nh2 Nxd3+ 20. Nxd3 Nc6 21.
Nf3 Bg4 22. Qf2 Qe7 23. O-O-O Rhe8 24. Rdg1 b5 25. g3 c4 26. Nde1 Bc5 27. Qg2 Bxg1 28.
Qxg1 Rf8 29. Nh4 Qd7 30. d3 cxd3 31. Nxd3 Be2 32. Nxe5 Nxe5 33. Bxe5 Qc6 34. gxf4 Bd3 35. Rh2 Bxe4 36. Qa7 Rfe8 37. Ng6 Bxg6 38. hxg6 Rd5 39. Qb8+ Kd7 40. Qa7+ Ke6 41. Qf7# 1-0

[Event "*** SCC Grand Prix: Titled Tuesday Blitz"]
[Site "Chess.com"]
[Date "2020.09.08"]
[Round "5"]
[White "ChelsieMonica"]
[Black "Karacsonyi_Gellert"]
[Result "1-0"]
[WhiteElo "2435"]
[BlackElo "2616"]
[TimeControl "180+1"]
[EndTime "10:57:05 PDT"]
[Termination "ChelsieMonica won by resignation"]

1. c4 Nf6 2. Nc3 e6 3. Nf3 d5 4. e3 b6 5. d4 Bb7 6. Be2 Be7 7. O-O O-O 8. h3 dxc4 9. Bxc4 c5 10. dxc5 Bxc5 11.
Qe2 Nbd7 12. Rd1 Qe7 13. e4 Rac8 14. Bg5 h6 15. Bh4 g5 16. Nxg5 hxg5 17. Bxg5 Bxf2+ 18. Qxf2 Rxc4 19. e5 Qc5 20. Qxc5 Rxc5 21. Bxf6 Nxf6 22.
exf6 Rf5 23. Rd7 Bc6 24. Rc7 Ba8 25. Rf1 Rg5 26. Rf2 a5 27. Kh2 Rd8 28. h4 Rg4 29.
Kh3 Rgd4 30. g3 a4 31. a3 Be4 32. h5 Bf5+ 33. Kg2 Bg4 34. Nb5 R4d5 35. Nc3 Rxh5 36.
Nxa4 Bh3+ 37. Kf3 Rd3+ 38. Ke2 Rd4 39. Nc3 Re5+ 40. Kf3 Rd3+ 41. Kf4 Rf5+ 42. Ke4 Rxg3 43. Rc8+ Kh7 44. Rxf5 Bxf5+ 45. Ke5 Re3+ 46. Kd6 Kg6 47. Ke7 Kg5 48. Rg8+ Bg6 49. Nb5 Rb3 50. Nd6 Rxb2 51.
Nxf7+ Kf5 52. Nd6+ Kg5 53. f7 Rf2 54. f8=Q Rxf8 55.
Rxf8 1-0

[Event "*** SCC Grand Prix: Titled Tuesday Blitz"]
[Site "Chess.com"]
[Date "2020.09.08"]
[Round "5"]
[White "kobemagic"]
[Black "Ba_clbaf_osed_ingo_3v21"]
[Result "0-1"]
[WhiteElo "2360"]
[BlackElo "2532"]
[TimeControl "180+1"]
[EndTime "10:57:06 PDT"]
[Termination "Ba_clbaf_osed_ingo_3v21 won by resignation"]

1. c4 g6 2. g3 Bg7 3. Bg2 d6 4. Nc3 e5 5. d3 f5 6. e4 Nf6 7. Nge2 O-O 8. O-O Nc6 9. h3 Be6 10. Nd5 Qd7 11. Kh2 f4 12. gxf4 Nh5 13. f5 gxf5 14.
exf5 Bxf5 15. Ng3 Nxg3 16. fxg3 Nd4 17. Be3 c6 18. Bxd4 exd4 19. Nf4 Rae8 20. Qh5 Re3 21. Qg5 Qe7 22. Qxe7 Rxe7 23. Rae1 Re3 24. Rxe3 dxe3 25. b3 Re8 26. Re1 Bh6 27. Bf1 Bxf4 28. gxf4 d5 29. cxd5 cxd5 30. d4 Re4 31. Kg3 Bg6 32. Bg2 Rxd4 33. Rxe3 Kf7 34. Rc3 Ke6 35. Rc7 Rd3+ 36. Kf2 Rd2+ 37. Kg3 Rxa2 38. Rxb7 d4 39. Rb4 d3 40. Rd4 d2 41. b4 Ra3+ 42. Kf2 Rd3 43. Rxd3 Bxd3 44. Bf3 Bc2 45. Ke3 d1=Q 46. Bxd1 Bxd1 47.
h4 Kf5 48. b5 Ba4 49. h5 Bxb5 50. h6 a5 51. Kd4 a4 52. Kc3 Be8 0-1

[Event "*** SCC Grand Prix: Titled Tuesday Blitz"]
[Site "Chess.com"]
[Date "2020.09.08"]
[Round "5"]
[White "gagtemp"]
[Black "lelya96"]
[Result "0-1"]
[WhiteElo "1959"]
[BlackElo "2157"]
[TimeControl "180+1"]
[EndTime "10:57:06 PDT"]
[Termination "lelya96 won by resignation"]

1. e4 e5 2. Nf3 Nc6 3. Bc4 Nf6 4. d3 Be7 5. O-O O-O 6. a4 d6 7. Re1 a5 8. h3 Kh8 9. c3 Ng8 10. d4 f5 11. exf5 Bxf5 12. dxe5 dxe5 13. Qxd8 Raxd8 14. Na3 e4 15. Nd2 Nf6 16. Nf1 Ne5 17. Be2 Nd5 18. Nc4 Nc6 19. Be3 Bg6 20. Rad1 Bh4 21. g3 Bf6 22. h4 b6 23. Nh2 Bf5 24. Kg2 Nxe3+ 25. Nxe3 Bc8 26. Nhg4 Ne5 27. Nxf6 gxf6 28. Nc4 Nxc4 29.
Bxc4 Bb7 30. Rxd8 Rxd8 31. Re3 Rd2 32. b4 f5 33. bxa5 bxa5 34. Be6 f4 35. gxf4 Bc6 36.
Bf5 Rd3 37. Kg3 Bxa4 38. Rxd3 exd3 39. Kf3 Bc2 40. Ke3 a4 41. Kd2 a3 42. Be6 Kg7 43. h5 Kf6 44. f5 Kg5 45. Bc4 Kxf5 46. Bb3 Kg5 47. Bxc2 a2 48. Bxd3 a1=Q 0-1